 Dungeon Crawl Stone Soup version 0.17.0-27-g4a3f43e (webtiles) character file.

1433 Leibowitz the Sneak (level 9, -11/54 HPs)
             Began as a Kobold Fighter on Nov 21, 2015.
             Was a Follower of Okawaru.
             Mangled by a yak (12 damage)
             ... on level 6 of the Dungeon.
             The game lasted 00:18:53 (5794 turns).

Leibowitz the Sneak (Kobold Fighter)                Turns: 5794, Time: 00:18:53

Health: -11/54     AC:  9    Str: 19    XL:     9   Next: 3%
Magic:  10/10      EV: 13    Int:  6    God:    Okawaru [*.....]
Gold:   321        SH: 10    Dex: 19    Spells: 0 memorised, 8 levels left

rFire  . . .     SeeInvis +     a - +0 rapier
rCold  . . .     Clarity  .     b - +0 scale mail
rNeg   . . .     SustAt   +     c - +0 shield
rPois  .         Gourm    .     (no helmet)
rElec  .         Spirit   .     (no cloak)
rCorr  .         Warding  .     k - +0 pair of gloves (curse)
rMut   .         Stasis   .     l - +0 pair of boots
MR     .....                    (no amulet)
Stlth  +++.......               t - ring of see invisible
                                o - ring of sustain attributes

@: mighty, not resistant to hostile enchantments, fairly stealthy
A: carnivore 3
a: Heroism, Renounce Religion


You were on level 6 of the Dungeon.
You worshipped Okawaru.
Okawaru was aware of your devotion.
You were full.

You visited 2 branches of the dungeon, and saw 7 of its levels.

You collected 321 gold pieces.

Inventory:

Hand Weapons
 a - a +0 rapier (weapon)
Missiles
 u - 37 poisoned needles
Armour
 b - a +0 scale mail (worn)
 c - a +0 shield (worn)
 k - a cursed +0 pair of gloves (worn)
 l - a +0 pair of boots (worn)
Jewellery
 o - a ring of sustain attributes (left hand)
 t - a ring of see invisible (right hand)
Wands
 i - a wand of random effects (0)
 s - a wand of flame (26)
Scrolls
 g - 4 scrolls of remove curse
 j - 2 scrolls of identify
Potions
 d - a potion of might
 h - a potion of resistance
 n - 2 potions of magic
 p - a potion of curing
 w - 2 potions of brilliance
Comestibles
 e - 3 meat rations
 f - 3 slices of pizza


   Skills:
 + Level 5.2 Fighting
 + Level 6.1 Short Blades
 + Level 4.1 Armour
 + Level 4.9 Dodging
 * Level 6.3 Stealth
 + Level 4.3 Shields
 + Level 1.7 Evocations


You had 8 spell levels left.
You didn't know any spells.

Dungeon Overview and Level Annotations

Branches:
Dungeon (6/15)             Temple (1/1) D:6

Altars:
Ashenzari
Elyvilon
Kikubaaqudgha
Nemelex Xobeh
Okawaru
Qazlal
Ru
Trog
Vehumet
Zin
The Shining One


Innate Abilities, Weirdness & Mutations

You are small and have problems with some larger weapons.
You are carnivorous and can eat meat at any time.


Message History

You closely miss the yak.
The yak is severely wounded.
The yak gores you!
* * * LOW HITPOINT WARNING * * *
You puncture the yak!
You kill the yak!
Okawaru accepts your kill.
You have reached level 9!
Your experience leads to an increase in your attributes!
Your base attributes are Str 14, Int 6, Dex 18.
Increase (S)trength, (I)ntelligence, or (D)exterity?
You feel agile.
You closely miss the yak. The yak gores you.
* * * LOW HITPOINT WARNING * * *
You closely miss the yak. You block the yak's attack.
You completely miss the yak. You puncture the yak!
The yak is moderately wounded.
The yak gores you!
You die...

#.############.################..
#................................
#.##########.......############..
#........ +.......# #..
#.##########.......# #..
#..........+.......# #..
############....>..# #..
####.######## #.# #..@Y...... ...
#..###..... ... #..# ### #..#
#..# #..# #..# #..


You could see a yak.

Vanquished Creatures
  Sigmund (D:3)
  2 yaks (D:6)
  A sky beast (D:5)
  2 phantoms
  An ice beast (D:5)
  An ogre (D:4)
  2 scorpions (D:5)
  2 hounds
  2 crimson imps
  A jelly (D:5)
  A giant frog skeleton (D:4)
  A centaur skeleton (D:5)
  2 orc wizards (D:3)
  An iguana (D:5)
  Terence (D:2)
  8 adders
  A shadow imp (D:5)
  2 oozes
  3 worms (D:2)
  3 giant geckos
  9 orcs
  4 giant cockroaches
  7 goblins
  6 hobgoblins
  2 jackals (D:6)
  2 quokkas (D:3)
  8 bats
  A giant cockroach zombie (D:5)
  3 giant newts
  9 kobolds
  8 rats
97 creatures vanquished.

Notes
Turn   | Place    | Note
--------------------------------------------------------------
     0 | D:1      | Leibowitz the Kobold Fighter began the quest for the Orb.
     0 | D:1      | Reached XP level 1. HP: 14/14 MP: 1/1
   265 | D:1      | Reached XP level 2. HP: 19/19 MP: 2/2
   288 | D:1      | Reached skill level 1 in Stealth
   926 | D:2      | Reached XP level 3. HP: 23/23 MP: 3/3
  1596 | D:2      | Noticed Terence
  1627 | D:2      | Killed Terence
  1627 | D:2      | Reached skill level 1 in Dodging
  1627 | D:2      | Reached XP level 4. HP: 23/28 MP: 4/4
  1932 | D:2      | Reached XP level 5. HP: 26/32 MP: 5/5
  2412 | D:3      | Found a sparkling altar of Nemelex Xobeh.
  2461 | D:3      | Noticed Sigmund
  2477 | D:3      | Killed Sigmund
  2477 | D:3      | Reached skill level 4 in Fighting
  2477 | D:3      | Reached XP level 6. HP: 26/38 MP: 6/6
  2599 | D:3      | Found an iron altar of Okawaru.
  2618 | D:3      | Found a radiant altar of Vehumet.
  2623 | D:3      | Found a sacrificial altar of Ru.
  2753 | D:4      | Reached XP level 7. HP: 33/43 MP: 7/7
  2940 | D:4      | Found a glowing golden altar of the Shining One.
  3030 | D:3      | Found a stormy altar of Qazlal.
  3042 | D:3      | Became a worshipper of Warmaster Okawaru
  4095 | D:5      | Entered Level 5 of the Dungeon
  4364 | D:5      | Reached skill level 5 in Stealth
  4453 | D:5      | Reached XP level 8. HP: 48/48 MP: 8/8
  4697 | D:5      | Reached skill level 5 in Short Blades
  4697 | D:5      | Reached skill level 1 in Evocations
  4847 | D:5      | Reached * piety under Okawaru
  5550 | D:6      | Found a staircase to the Ecumenical Temple.
  5559 | Temple   | Entered the Ecumenical Temple
  5571 | D:6      | Found a white marble altar of Elyvilon.
  5783 | D:6      | Reached skill level 5 in Fighting
  5783 | D:6      | Reached skill level 6 in Short Blades
  5790 | D:6      | Reached XP level 9. HP: 6/54 MP: 10/10
  5791 | D:6      | HP: 1/54 [yak (6)]
  5794 | D:6      | Mangled by a yak

Action                   |  1- 3 |  4- 6 |  7- 9 || total
-------------------------+-------+-------+-------++-------
Melee: Rapier            |   147 |   164 |   312 ||   623
Evoke: Wand              |       |       |    12 ||    12
  Use: Potion            |       |     3 |     8 ||    11
       Scroll            |       |       |     6 ||     6
 Stab: Distracted        |       |     1 |     1 ||     2
       Sleeping          |       |       |     2 ||     2
  Eat: Chunk             |     8 |     6 |     7 ||    21
